 Dungeon Crawl Stone Soup version 0.29.1-12-g30fa7ad0bf (webtiles) character file.

Game seed: 7628187649217817976

4914 soggyman666 the Cleaver (level 10, -2/86 HPs)
             Began as a Minotaur Fighter on Dec 28, 2022.
             Was a Believer of Trog.
             Slain by an acid dragon (9 damage)
             ... on level 8 of the Dungeon.
             The game lasted 00:21:39 (8701 turns).

soggyman666 the Cleaver (Minotaur Fighter)          Turns: 8701, Time: 00:21:40

Health: -2/86      AC:  7    Str: 26    XL:     10   Next: 27%
Magic:  9/9        EV: 11    Int:  5    God:    Trog [**....]
Gold:   335        SH:  5    Dex:  9    Spells: 9/9 levels left

rFire   . . .      SeeInvis .   x - +5 broad axe (vamp)
rCold   + . .      Faith    .   c - +0 buckler
rNeg    . . .      Spirit   .   I - +2 scale mail {rC+}
rPois   +          Reflect  .   (helmet restricted)
rElec   .          Harm     .   z - +0 cloak
rCorr   .          Rampage  .   (no gloves)
Will    .....                   (no boots)
Stlth   ..........              (no amulet)
HPRegen 0.24/turn               q - ring of poison resistance
MPRegen 0.11/turn               (no ring)

@: corroded
A: horns 2, retaliatory headbutt
a: Renounce Religion, Berserk, Trog's Hand


You were on level 8 of the Dungeon.
You worshipped Trog.
Trog was pleased with you.
You visited 2 branches of the dungeon, and saw 10 of its levels.

You collected 447 gold pieces.
You spent 112 gold pieces at shops.

Inventory:

Hand Weapons
 x - a +5 vampiric broad axe (weapon)
 G - a +0 war axe of freezing
 H - a +2 vampiric morningstar
Missiles
 a - 5 throwing nets
 b - a curare-tipped dart
 t - 28 poisoned darts (quivered)
 u - 9 atropa-tipped darts
 w - 4 javelins
Armour
 c - a +0 buckler (worn)
 z - a +0 cloak (worn)
 E - a +0 chain mail
 I - a +2 scale mail of cold resistance (worn)
Jewellery
 f - a ring of ice
 q - a ring of poison resistance (left hand)
Wands
 p - a wand of light (10)
 y - a wand of mindburst (3)
 A - a wand of digging (10)
 J - a wand of charming (7)
Scrolls
 i - 2 scrolls of summoning
 l - 6 scrolls of teleportation
 r - 3 scrolls of noise
 s - a scroll of blinking
 v - a scroll of fear {unknown}
 B - a scroll of vulnerability {unknown}
 C - a scroll of poison {unknown}
Potions
 d - a potion of cancellation
 e - 2 potions of haste {unknown}
 g - a potion of curing {unknown}
 h - 5 potions of flight {unknown}
 j - 2 potions of ambrosia {unknown}
 k - 2 potions of magic {unknown}
 m - a potion of resistance {unknown}
 n - 2 potions of invisibility {unknown}
 o - a potion of lignification {unknown}
 D - a potion of heal wounds {unknown}
 F - a potion of mutation {unknown}


   Skills:
 + Level 7.3 Fighting
 - Level 13.1 Axes
 + Level 7.2 Armour
 + Level 5.6 Dodging
 + Level 7.3 Shields


You had 9 spell levels left.
You didn't know any spells.
Your spell library contained the following spells:

 Spells                   Type           Power      Damage    Failure   Level
 Confusing Touch          Hex            0%         N/A       99%         3
 Ozocubu's Armour         Ice            0%         N/A       99%         3
 Ice Form                 Ice/Tmut       0%         N/A       100%        4
 Yara's Violent Unravell  Hex/Tmut       0%         3d3       100%        5
 Enfeeble                 Hex            0%         N/A       100%        7
 Ozocubu's Refrigeration  Ice            0%         4d7       100%        7


Dungeon Overview and Level Annotations

Branches:
Dungeon (9/15)             Temple (1/1) D:6
   Lair: D:8-11         Orc: D:9-12

Altars:
Ashenzari
Cheibriados
Dithmenos
Elyvilon
Fedhas
Hepliaklqana
Kikubaaqudgha
Makhleb
Okawaru
Qazlal
Ru
Sif Muna
Trog
Uskayaw
Vehumet
Wu Jian
Xom
Yredelemnul
The Shining One

Shops:
D:8 **


Innate Abilities, Weirdness & Mutations

You have a pair of horns on your head.
You reflexively headbutt those who attack you in melee.


Message History

HP restored.
You climb downwards.
The centaur shoots an arrow.
The arrow closely misses you.
The centaur shoots an arrow.
The arrow barely misses you.
There is a stone staircase leading up, spattered with blood here.
The centaur shoots an arrow.
The arrow hits you but does no damage.
You climb upwards.
There is a stone staircase leading down here.
You climb downwards.
The centaur shoots an arrow.
You block the arrow. The acid dragon spits acid at you.
The splash of acid hits you!! The acid corrodes you!
You hear an angry hiss.
There is a stone staircase leading up, spattered with blood here.
The centaur shoots an arrow.
The arrow barely misses you. The acid dragon barely misses you.
You furiously retaliate!
You headbutt the acid dragon, but do no damage.
The acid dragon barely misses you.
You climb upwards.
There is a stone staircase leading down here.
You hit the acid dragon.
You feel better.
Your headbutt misses the acid dragon.
The acid dragon is moderately wounded.
The acid dragon spits acid at you. The splash of acid hits you!!
You barely miss the acid dragon.
You headbutt the acid dragon, but do no damage.
The acid dragon is moderately wounded.
The acid dragon bites you. The acid dragon closely misses you.
You hit the acid dragon but do no damage.
The acid dragon is moderately wounded.
The acid dragon spits acid at you. The splash of acid hits you!!
* * * LOW HITPOINT WARNING * * *
You slash the acid dragon!
You feel better.
The acid dragon is severely wounded.
The acid dragon bites you.
* * * LOW HITPOINT WARNING * * *
The acid dragon claws you but does no damage.
You barely miss the acid dragon.
The acid dragon is severely wounded.
The acid dragon bites you!
You die...

#.........# #.##.#.##### #.#
#.........# #.##.#.....# #.#
#.........#####'#........#####.#
#.........##.............#⌠∩⌠#.#
....#+#'#.##.......####.#......#
###.......##.......##..........#
#####.#.####.......##.#.#......#
......#....+....D..##.#.##⌠∩⌠#.#
.####.#..###....@..##.#.######.#
.'.........................)...#
[####.#(.########.###.#.########
.'..(.................#.#
.####.#################.#
....#...................#
###.#########......######
#.........<#.~P..~#
##..#######.#~.~...#


You could see an acid dragon.

Vanquished Creatures
  2 two-headed ogres (D:8)
  A wraith (D:9)
  4 yaks (D:8)
  2 steam dragons (D:8)
  Edmund (D:6)
  Menkaure (D:6)
  An acid dragon (D:8)
  3 black bears
  An ice beast (D:7)
  3 sky beasts
  An ogre (D:5)
  2 centaurs
  4 kobold brigands
  2 bullfrogs (D:7)
  A necrophage (D:5)
  A scorpion (D:3)
  3 killer bees (D:8)
  A vampire bat (D:8)
  A howler monkey (D:8)
  6 hounds
  2 jellies (D:4)
  4 orc priests
  2 gnoll boudas
  An iguana (D:5)
  Jessica (D:3)
  3 orc wizards
  9 gnolls
  6 adders
  A worm (D:4)
  4 dart slugs
  24 orcs
  7 endoplasms
  6 giant cockroaches
  5 hobgoblins
  2 jackals (D:1)
  35 kobolds
  2 quokkas
  5 ball pythons
  8 bats
  12 frilled lizards
  3 goblins
  6 rats
189 creatures vanquished.

Vanquished Creatures (others)
  7 fungi (D:8)
  7 plants (D:5)
14 creatures vanquished.

Grand Total: 203 creatures vanquished

Notes
Turn   | Place    | Note
-------+----------+-------------------------------------------
     0 | D:1      | soggyman666 the Minotaur Fighter began the quest for the
                  | Orb.
     0 | D:1      | Reached XP level 1. HP: 19/19 MP: 0/0
    74 | D:1      | Found a faded altar of an unknown god.
   308 | D:1      | Reached XP level 2. HP: 27/27 MP: 1/1
   504 | D:1      | Reached skill level 1 in Dodging
   672 | D:1      | Reached XP level 3. HP: 25/33 MP: 2/2
  1031 | D:2      | Reached skill level 3 in Axes
  1287 | D:3      | Found an ornate altar of the Wu Jian Council.
  1498 | D:3      | Noticed a scorpion
  1504 | D:3      | Killed a scorpion
  1505 | D:3      | Reached skill level 4 in Axes
  1505 | D:3      | Reached XP level 4. HP: 32/40 MP: 3/3
  1760 | D:3      | Noticed Jessica
  1768 | D:3      | Killed Jessica
  1769 | D:3      | Reached skill level 5 in Axes
  1769 | D:3      | Reached XP level 5. HP: 37/46 MP: 4/4
  2056 | D:4      | Found a radiant altar of Vehumet.
  2348 | D:4      | Reached skill level 6 in Axes
  2820 | D:4      | Reached skill level 7 in Axes
  2820 | D:4      | Reached XP level 6. HP: 34/52 MP: 5/5
  2987 | D:4      | Got Sif Muna's Meditations on Graupel
  3349 | D:5      | Entered Level 5 of the Dungeon
  3368 | D:5      | Found a sacrificial altar of Ru.
  3407 | D:5      | Reached skill level 8 in Axes
  3484 | D:5      | Reached XP level 7. HP: 45/59 MP: 6/6
  3489 | D:5      | Reached skill level 9 in Axes
  3877 | D:5      | Reached skill level 10 in Axes
  4236 | D:6      | Found a staircase to the Ecumenical Temple.
  4253 | Temple   | Entered the Ecumenical Temple
  4505 | Temple   | Became a worshipper of Trog the Wrathful
  4536 | D:6      | Reached skill level 11 in Axes
  4536 | D:6      | Reached XP level 8. HP: 66/66 MP: 7/7
  4767 | D:6      | Noticed Edmund
  4777 | D:6      | Killed Edmund
  4778 | D:6      | Reached skill level 12 in Axes
  4816 | D:6      | Noticed Menkaure
  4822 | D:6      | Killed Menkaure
  5207 | D:6      | Found a shadowy altar of Dithmenos.
  5562 | D:7      | Reached skill level 13 in Axes
  5563 | D:7      | Reached * piety under Trog
  5972 | D:7      | Reached XP level 9. HP: 72/72 MP: 8/8
  6340 | D:8      | Found a transporter.
  6341 | D:8      | Found a transporter.
  6443 | D:8      | Reached skill level 5 in Fighting
  6449 | D:8      | Reached skill level 5 in Armour
  6449 | D:8      | Reached skill level 5 in Shields
  6566 | D:8      | Found a transporter.
  6568 | D:8      | Found a transporter.
  6647 | D:8      | Found a basalt altar of Yredelemnul.
  6784 | D:8      | Reached ** piety under Trog
  6804 | D:8      | Noticed a two-headed ogre
  6810 | D:8      | Killed a two-headed ogre
  7132 | D:8      | Found a transporter.
  7133 | D:8      | Found a transporter.
  7178 | D:8      | Reached XP level 10. HP: 80/84 MP: 9/9
  7226 | D:8      | Found Woinunor's General Store.
  7228 | D:8      | Found Sumudosa's Specific Store.
  7354 | D:8      | Bought a potion of cancellation for 112 gold pieces
  7430 | D:8      | Found a hide-covered altar of Uskayaw.
  7535 | D:8      | Reached skill level 5 in Dodging
  8179 | D:9      | Noticed a two-headed ogre
  8192 | D:8      | Killed a two-headed ogre
  8701 | D:8      | Slain by an acid dragon

Illustrated notes

Levels and vault maps discovered:
D:1:      pf_arrival_petrified_forest, layout_basic,
          shapermc_ecumenical_altar_acropolis, minmay_hexomino_f4
D:2:      layout_rooms
D:3:      layout_loops_ring, lemuel_crystal_altar, serial_glass,
          glass_columns_a, glass_columns_a, uniq_jessica
D:4:      layout_basic, fiery_altar_vehumet
D:5:      layout_basic, mainiacjoe_overflow_small_starburst, minmay_lizard_king
D:6:      layout_layer_cave, nicolae_dithmenos_shadow_blocks,
          minmay_temple_entry_statues_fountains, uniq_menkaure, uniq_edmund
D:7:      layout_rooms
D:8:      kennysheep_steamy, layout_basic, lemuel_tele_altar,
          mainiacjoe_overflow_paths, hangedman_decor_peaks_small,
          roderic_batcave, nicolae_specific_store, serial_nicolae_subway,
          nicolae_sub_station_crystal, nicolae_sub_station_stone,
          nicolae_sub_station_metal
D:9:      layout_cave_pools
Temple:   compressed_dpeg_triangle_lava_temple

Skill      XL: |  1  2  3  4  5  6  7  8  9 10 |
---------------+-------------------------------+-----
Dodging        | 1 2 4 5 |  5.6
Armour         | 4 6 7 |  7.2
Fighting       | 4 6 7 |  7.3
Shields        | 4 6 7 |  7.3
Axes           | 4 5 7 8 11 13 | 13.1

Action                   |  1- 3 |  4- 6 |  7- 9 | 10-12 || total
-------------------------+-------+-------+-------+-------++-------
Melee: War axe           |    96 |    38 |       |       ||   134
       Headbutt          |    11 |    10 |    29 |     6 ||    56
       Broad axe         |       |    54 |   202 |    32 ||   288
  Use: Scroll            |     3 |       |     2 |     3 ||     8
       Potion            |       |       |     2 |       ||     2
Armor: Scale mail        |    37 |    42 |    74 |    23 ||   176
Dodge: Dodged            |    35 |    63 |    82 |    25 ||   205
Block: Buckler           |    19 |    22 |    31 |    16 ||    88
